AoeStats
← El Fantasma de Pancho Villa

Fortress

508586168Analyzed
4v4 RM · 8d ago on Sep 23, 2026· 44m 15s· 8 players
Game mode
Random Map
Map size
Huge
Population
200
Speed
Normal
Resources
Standard
Victory
Conquest
Starting age
Dark Age
Ending age
Imperial Age
RankedLock teamsTeams togetherTeam positionsShared explorationLock speedFull tech treeHidden civsTurbo modeCheats
Victory
Defeat
🇺🇸 Hindustanis · United States
1228
+14
🇦🇷 Teutons · Argentina
1226
+14
🇦🇷 Italians · Argentina
1201
+16
🇺🇸 Cumans · United States
1175
+17
🇦🇺 Italians · Australia
1208
-16
🇵🇰 Burgundians · Pakistan
1203
-16
🇵🇰 Lithuanians · Pakistan
1183
-15
🇵🇰 Ethiopians · Pakistan
1170
-14
aurangzaib.zahoor
7:39 Feudal Age
8:36 Double-Bit Axe
8:47 Horse Collar
11:57 Castle Age
10:03 Fletching
10:48 Padded Archer Armor
11:12 Loom
12:46 Wheelbarrow
14:08 Bodkin Arrow
20:44 Bow Saw
28:31 Ballistics
30:51 Gold Mining
32:30 Murder Holes
33:17 Leather Archer Armor
37:28 Imperial Age
36:59 Masonry
39:25 Bracer
39:59 Ring Archer Armor
42:30 Two-Man Saw
42:17 Architecture
Umair
7:06 Feudal Age
7:08 Loom
8:30 Loom
8:33 Double-Bit Axe
8:48 Horse Collar
11:49 Wheelbarrow
12:03 Gold Mining
15:40 Castle Age
15:05 Forging
15:00 Scale Barding Armor
15:17 Bloodlines
16:46 Husbandry
17:44 Iron Casting
17:29 Chain Barding Armor
17:49 Bow Saw
18:00 Heavy Plow
22:45 Chain Barding Armor
22:18 Fletching
25:58 Bodkin Arrow
Sera
8:11 Feudal Age
8:50 Feudal Age
7:27 Double-Bit Axe
12:31 Castle Age
12:06 Scale Barding Armor
12:12 Forging
12:35 Bow Saw
14:03 Horse Collar
17:38 Wheelbarrow
16:51 Loom
19:14 Chain Barding Armor
20:55 Hand Cart
20:47 Heavy Plow
21:36 Hand Cart
31:20 Imperial Age
29:40 Burgundian Vineyards
32:31 Two-Man Saw
33:59 Plate Barding Armor
35:52 Iron Casting
36:26 Elite Coustillier
38:31 Crop Rotation
37:59 Gold Mining
39:54 Blast Furnace
38:58 Scale Mail Armor
42:22 Conscription
42:19 Chain Mail Armor
43:52 Plate Mail Armor
Out Of Res Once Again
8:07 Feudal Age
12:02 Castle Age
10:08 Fletching
10:45 Scale Mail Armor
11:00 Padded Archer Armor
11:31 Padded Archer Armor
11:27 Double-Bit Axe
13:35 Bodkin Arrow
13:59 Crossbowman
15:33 Thumb Ring
15:39 Loom
16:37 Wheelbarrow
15:51 Town Watch
20:50 Bow Saw
21:23 Leather Archer Armor
28:33 Imperial Age
29:19 Ballistics
30:33 Gold Mining
30:33 Stone Mining
31:20 Conscription
30:35 Arbalester
31:27 Bracer
33:30 Ring Archer Armor
36:04 Chemistry
36:18 Two-Man Saw
35:00 Horse Collar
36:31 Masonry
37:57 Hand Cart
two_fish
4:43 Loom
7:42 Feudal Age
12:13 Castle Age
10:05 Double-Bit Axe
10:45 Loom
11:36 Wheelbarrow
13:57 Horse Collar
16:46 Bow Saw
16:54 Heavy Plow
26:25 Imperial Age
25:09 Scale Barding Armor
25:14 Forging
27:32 Bloodlines
27:23 Husbandry
28:01 Chain Barding Armor
28:16 Iron Casting
27:06 Heavy Camel Rider
29:41 Scale Mail Armor
29:59 Imperial Camel Rider
31:20 Conscription
33:37 Plate Barding Armor
34:03 Blast Furnace
35:04 Light Cavalry
37:09 Elite Ghulam
39:50 Two-Man Saw
43:35 Chain Mail Armor
El Fantasma de Pancho Villa
8:52 Feudal Age
9:54 Double-Bit Axe
10:26 Man-at-Arms
12:20 Scale Mail Armor
17:11 Wheelbarrow
16:49 Horse Collar
17:03 Fletching
17:14 Padded Archer Armor
24:12 Castle Age
22:40 Gold Mining
22:41 Stone Mining
24:31 Crossbowman
25:17 Thumb Ring
25:25 Bodkin Arrow
nandocacn
9:13 Feudal Age
10:29 Double-Bit Axe
13:22 Castle Age
11:20 Gold Mining
11:45 Horse Collar
17:50 Imperial Age
16:37 Bow Saw
17:57 Fletching
18:09 Padded Archer Armor
19:24 Loom
20:11 Ballistics
21:16 Leather Archer Armor
21:59 Bodkin Arrow
22:34 Ring Archer Armor
23:11 Masonry
24:38 Conscription
29:42 Chemistry
29:44 Stone Mining
30:44 Wheelbarrow
32:53 Two-Man Saw
33:24 Hand Cart
32:54 Town Watch
33:46 Bracer
35:35 Fortified Wall
37:22 Heavy Plow
38:02 Stone Shaft Mining
37:30 Town Watch
38:46 Town Patrol
39:31 Elite Genoese Crossbowman
41:54 Architecture
42:55 Ring Archer Armor
Bodoque
7:29 Feudal Age
11:59 Castle Age
10:15 Double-Bit Axe
10:21 Horse Collar
16:21 Wheelbarrow
16:27 Loom
16:55 Bow Saw
16:47 Heavy Plow
20:43 Fortified Wall
23:46 Hand Cart
26:56 Squires
26:17 Pikeman
31:12 Imperial Age
29:30 Forging
29:27 Scale Barding Armor
30:11 Bloodlines
30:04 Gold Mining
30:46 Stone Mining
31:37 Iron Casting
31:23 Chain Barding Armor
32:12 Cavalier
34:38 Plate Barding Armor
34:43 Conscription
35:29 Paladin
37:34 Two-Man Saw
37:06 Crop Rotation
37:27 Coinage
38:57 Blast Furnace
38:13 Town Watch
40:29 Onager
Connection lost

Rejoining the realm…

Still unreachable

The connection could not be restored.

Session expired

The server has moved on; the page needs a fresh start.